 Dungeon Crawl Stone Soup version 0.29.1-15-g9cfb28693d (webtiles) character file.

Game seed: 6387695725527519870

1939 KevinSullivan the Twirler (level 8, -1/59 HPs)
             Began as a Demonspawn Gladiator on Mar 3, 2023.
             Was a Believer of Makhleb.
             Slain by an ogre
             ... wielding a +0 giant club
              (22 damage)
             ... on level 6 of the Dungeon.
             The game lasted 00:32:25 (7473 turns).

KevinSullivan the Twirler (Demonspawn Gladiator)    Turns: 7473, Time: 00:32:41

Health: -1/59      AC:  9    Str: 14    XL:     8   Next: 98%
Magic:  6/11       EV: 13    Int: 18    God:    Makhleb [**....]
Gold:   399        SH:  0    Dex: 15    Spells: 1/11 levels left

rFire   + . .      SeeInvis .   C - +3 battleaxe
rCold   . . .      Faith    .   (shield currently unavailable)
rNeg    . . .      Spirit   .   b - +0 leather armour
rPois   .          Reflect  .   c - +0 helmet
rElec   .          Harm     .   (no cloak)
rCorr   .          Rampage  .   i - +1 pair of gloves
Will    .....                   (no boots)
Stlth   ++........              (no amulet)
HPRegen 0.19/turn               w - ring of protection from fire
MPRegen 0.12/turn               y - +6 ring of intelligence

@: no status effects
A: icy blue scales 2, demonic guardian 2, weakness stinger 1
a: Renounce Religion, Minor Destruction


You were on level 6 of the Dungeon.
You worshipped Makhleb.
Makhleb was pleased with you.
You visited 2 branches of the dungeon, and saw 8 of its levels.

You collected 399 gold pieces.

Inventory:

Hand Weapons
 a - a +3 quarterstaff
 C - a +3 battleaxe (weapon)
Missiles
 e - a javelin (quivered)
Armour
 b - a +0 leather armour (worn)
 c - a +0 helmet (worn)
 i - a +1 pair of gloves (worn)
Jewellery
 w - a ring of protection from fire (left hand)
 y - a +6 ring of intelligence (right hand)
 z - a ring of flight
Wands
 o - a wand of flame (10)
Scrolls
 f - 3 scrolls of teleportation {unknown}
 j - a scroll of fear {unknown}
 l - a scroll of vulnerability {unknown}
 n - a scroll of magic mapping
 p - 4 scrolls of amnesia
 q - a scroll of silence {unknown}
 r - 2 scrolls of noise {unknown}
 s - 3 scrolls of brand weapon {unknown}
 u - a scroll of blinking {unknown}
 v - 3 scrolls of poison {unknown}
Potions
 d - a potion of lignification
 g - a potion of invisibility {unknown}
 h - a potion of resistance {unknown}
 k - a potion of might
 m - a potion of cancellation {unknown}
 t - a potion of degeneration {unknown}
 x - a potion of berserk rage {unknown}
 A - a potion of haste {unknown}
 B - 2 potions of flight {unknown}


   Skills:
 * Level 3.6 Fighting
 * Level 1.3(2.1) Axes
 * Level 2.5(4.6) Polearms
 * Level 5.7(6.0) Staves
 * Level 3.1 Throwing
 * Level 2.8 Armour
 * Level 3.8 Dodging
 * Level 2.8 Stealth
 * Level 2.4 Spellcasting
 * Level 2.3 Hexes
 * Level 2.1 Summonings
 * Level 1.9 Translocations
 * Level 0.7 Earth Magic
 * Level 2.7 Invocations
 * Level 2.2 Evocations


You had one spell level left.
You knew the following spells:

 Your Spells              Type           Power      Damage    Failure   Level
a - Call Canine Familiar  Summ           9%         N/A       26%         3
b - Portal Projectile     Hex/Tloc       18%        N/A       26%         3
c - Leda's Liquefaction   Hex/Erth       3%         N/A       75%         4

Your spell library contained the following spells:

 Spells                   Type           Power      Damage    Failure   Level


Dungeon Overview and Level Annotations

Branches:
Dungeon (7/15)             Temple (1/1) D:4

Altars:
Ashenzari
Cheibriados
Dithmenos
Fedhas
Gozag
Hepliaklqana
Kikubaaqudgha
Makhleb
Nemelex Xobeh
Okawaru
Qazlal
Ru
Sif Muna
Trog
Uskayaw
Wu Jian
Yredelemnul


Innate Abilities, Weirdness & Mutations

You are mostly covered in icy blue scales. (AC +3)
A demonic guardian rushes to your aid.
You have a small tail.


Message History

You miscast Call Canine Familiar.
You are very lightly contaminated with residual magic.
Nothing appears to happen.
Casting: Call Canine Familiar (dangerous; 26% risk of failure)
Confirm with . or Enter, or press ? or * to list all spells.
Your hound bites the scorpion but does no damage.
The scorpion stings you but does no damage.
Your hound closely misses the scorpion.
The scorpion closely misses you.
Your hound bites the scorpion but does no damage.
The scorpion stings you.
Your hound misses the scorpion. The ogre barely misses you.
You slash the scorpion! You tail-slap the scorpion.
The scorpion is severely wounded.
You hit the ogre but do no damage.
Your hound bites the scorpion.
The scorpion stings you but does no damage.
Your hound completely misses the scorpion.
The ogre hits you with a +0 giant club! The scorpion misses you.
You hit the scorpion.
The scorpion is almost dead.
You barely miss the ogre.
Your hound bites the scorpion but does no damage.
The scorpion barely misses your hound.
Your hound bites the scorpion but does no damage.
The ogre hits you with a +0 giant club!!
Your hound bites the scorpion but does no damage.
The scorpion stings your hound.
Your hound is poisoned.
The scorpion poisons your hound!
Your hound bites the scorpion.
The scorpion dies!
Makhleb accepts your kill.
Your magical contamination has completely faded away.
Aiming: Minor Destruction (6% risk of failure)
Press: ? - help, Shift-Dir - straight line, f - ogre
Aim: an ogre, wielding a +0 giant club The stone arrow hits the ogre!
The ogre is heavily wounded.
Your hound bites the ogre.
Your hound closely misses the ogre.
The ogre hits you with a +0 giant club!!
You die...

...$. #..# ...
#..# ... #..#
#.# # #..#
#.###.# #..#
#.....### #..##
#........
#...###.#######
#.@...#.#
######)O.#.#.#
#.....h......#
#.####.###.).#
# #.
#...#########.#
#.
#..........>...
#.
#.##...........
#.
#....#########.
## ######


You could see an ogre (ally target) and a friendly hound (summoned, very
poisoned).

Vanquished Creatures
  A kobold demonologist (D:7)
  A water moccasin (D:6)
  An ogre (D:6)
  5 scorpions
  A necrophage (D:5)
  3 wights (D:7)
  A killer bee (D:5)
  3 iguanas (D:5)
  An orc wizard (D:4)
  3 adders
  4 gnolls
  A shadow imp (D:7)
  A white imp (D:5)
  3 ufetubi
  4 worms (D:2)
  A dart slug (D:4)
  6 orcs
  4 endoplasms
  A giant cockroach (D:1)
  7 goblins
  5 hobgoblins
  13 jackals (D:1)
  6 kobolds
  4 quokkas
  9 ball pythons
  6 bats
  4 frilled lizards
  6 rats
105 creatures vanquished.

Vanquished Creatures (collateral kills)
  A sky beast (D:7)
  A kobold brigand (D:7)
  2 scorpions
  2 wights (D:7)
  5 killer bees (D:5)
  A jelly (D:7)
  2 gnolls
  A hobgoblin (D:3)
  A kobold (D:1)
16 creatures vanquished.

Grand Total: 121 creatures vanquished

Notes
Turn   | Place    | Note
-------+----------+-------------------------------------------
     0 | D:1      | KevinSullivan the Demonspawn Gladiator began the quest for
                  | the Orb.
     0 | D:1      | Reached XP level 1. HP: 16/16 MP: 1/1
   405 | D:1      | Gained mutation: You are partially covered in icy blue
                  | scales. (AC +2) [demonic ancestry]
   405 | D:1      | Reached XP level 2. HP: 14/22 MP: 2/2
   751 | D:2      | Reached skill level 3 in Staves
  1090 | D:2      | Gained mutation: You are mostly covered in icy blue scales.
                  | (AC +3) [demonic ancestry]
  1090 | D:2      | Reached XP level 3. HP: 14/27 MP: 3/3
  1369 | D:3      | Noticed a scorpion
  1383 | D:3      | Killed a scorpion
  1384 | D:3      | Reached skill level 1 in Polearms
  1384 | D:3      | Reached skill level 1 in Stealth
  1384 | D:3      | Reached skill level 1 in Spellcasting
  1384 | D:3      | Gained mutation: A weak demonic guardian rushes to your
                  | aid. [demonic ancestry]
  1384 | D:3      | Reached XP level 4. HP: 25/33 MP: 3/5
  1550 | D:4      | Found a staircase to the Ecumenical Temple.
  1558 | Temple   | Entered the Ecumenical Temple
  1692 | Temple   | Became a worshipper of Makhleb the Destroyer
  2007 | D:4      | Gained mutation: A demonic guardian rushes to your aid.
                  | [demonic ancestry]
  2007 | D:4      | Reached XP level 5. HP: 20/39 MP: 6/6
  2111 | D:4      | Found a stormy altar of Qazlal.
  2231 | D:4      | Reached skill level 1 in Armour
  2804 | D:3      | Reached skill level 4 in Staves
  3660 | D:2      | Reached * piety under Makhleb
  4720 | D:1      | Reached XP level 6. HP: 44/46 MP: 7/7
  4757 | D:1      | Reached ** piety under Makhleb
  4787 | D:1      | Learned a level 3 spell: Call Canine Familiar
  4791 | D:1      | Learned a level 3 spell: Portal Projectile
  4868 | D:1      | You fall into a shaft and drop 1 floor!
  4912 | D:2      | You fall into a shaft and drop 1 floor!
  4978 | D:5      | Entered Level 5 of the Dungeon
  5016 | D:5      | Reached skill level 1 in Evocations
  5027 | D:5      | Reached skill level 1 in Invocations
  5028 | D:5      | Gained mutation: You have a small tail. [demonic ancestry]
  5028 | D:5      | Reached XP level 7. HP: 31/51 MP: 9/9
  5602 | D:5      | Reached skill level 1 in Hexes
  5602 | D:5      | Reached skill level 1 in Summonings
  5802 | D:5      | Reached skill level 1 in Translocations
  5959 | D:6      | Reached skill level 5 in Staves
  5980 | D:6      | Reached XP level 8. HP: 53/58 MP: 10/10
  6111 | D:7      | Noticed a kobold demonologist
  6122 | D:7      | Killed a kobold demonologist
  6477 | D:7      | Learned a level 4 spell: Leda's Liquefaction
  7388 | D:7      | Reached skill level 1 in Axes
  7473 | D:6      | Slain by an ogre

Illustrated notes

Levels and vault maps discovered:
D:1:      lightli_arrival_quake, layout_basic, chequers_serial_rivers_room_b
D:2:      layout_loops_ring
D:3:      layout_basic
D:4:      layout_loops_ring, nicolae_qazlal_scattered_showers, temple_statues
D:5:      layout_basic, chequers_serial_rivers_room_b, uniq_duvessa
D:6:      layout_loops_ring, minmay_between
D:7:      layout_basic, nicolae_eternal_life
Temple:   hellmonk_temple_of_storms

Skill      XL: |  1  2  3  4  5  6  7  8 |
---------------+-------------------------+-----
Staves         | 3 4 5 |  5.7
Throwing       | 2 3 |  3.1
Polearms       | 1 2 |  2.5
Dodging        | 3 |  3.8
Stealth        | 1 2 |  2.8
Spellcasting   | 1 2 |  2.4
Armour         | 1 2 |  2.8
Evocations     | 1 2 |  2.2
Invocations    | 1 2 |  2.7
Hexes          | 1 2 |  2.3
Summonings     | 1 2 |  2.1
Fighting       | 3 |  3.6
Translocations | 1 |  1.9
Axes           | 1 |  1.3
Earth Magic    | |  0.7

Action                   |  1- 3 |  4- 6 |  7- 9 || total
-------------------------+-------+-------+-------++-------
Melee: Quarterstaff      |    97 |   185 |    67 ||   349
       Tailslap          |       |       |    14 ||    14
       Battleaxe         |       |       |    39 ||    39
Throw: Throwing net      |     2 |     1 |       ||     3
       Javelin           |       |     1 |     4 ||     5
 Cast: Call Canine Famil |       |       |     8 ||     8
Invok: Minor Destruction |       |     1 |     5 ||     6
Evoke: Wand              |       |     1 |       ||     1
  Use: Scroll            |     2 |     2 |     3 ||     7
       Potion            |     1 |     2 |     3 ||     6
 Stab: Held in net/web   |     5 |       |       ||     5
       Sleeping          |     1 |     3 |     3 ||     7
       Distracted        |       |       |     1 ||     1
Armor: Leather armour    |    40 |    65 |    49 ||   154
       Skin              |     7 |       |       ||     7
Dodge: Dodged            |    72 |   132 |    93 ||   297
